 Dungeon Crawl Stone Soup version 0.31.0-11-ge490571c62 (webtiles) character file.

Game seed: 6920204033043227223

501 sanka the Ruffian (level 6, -1/61 HPs)
             Began as a Troll Monk on Feb 2, 2024.
             Was a Priest of Okawaru.
             Succumbed to Edmund's poison
             ... on level 4 of the Dungeon.
             The game lasted 00:02:45 (2362 turns).

sanka the Ruffian (Troll Monk)                      Turns: 2362, Time: 00:02:46

Health: -1/61      AC:  4    Str: 20    XL:     6   Next: 95%
Magic:  5/7        EV: 14    Int:  6    God:    Okawaru [***...]
Gold:   296        SH:  0    Dex: 20    Spells: 5/5 levels left

rFire   . .          .
                       - Unarmed
rCold   . . .        c - orb {light}
rNeg    . . .        a - +0 robe
rPois   .            (helmet restricted)
rElec   .            (no cloak)
rCorr   .            (gloves unavailable)
SInv    .            (boots unavailable)
Will    .....        t - amulet of faith
Stlth   ++           (no ring)
HPRegen 1.10/turn    v - +6 ring of dexterity
MPRegen 0.10/turn

%: faith
@: lethally poisoned (-1 -> -23), heroic, glowing
A: large, unfitting armour, claws 3, regeneration 1, shaggy fur 1, tough skin 1
a: Renounce Religion, Heroism


You were on level 4 of the Dungeon.
You worshipped Okawaru.
Okawaru was most pleased with you.
You visited 1 branch of the dungeon, and saw 4 of its levels.

You collected 296 gold pieces.


Innate Abilities, Weirdness & Mutations

You are too large for most types of armour.
You have claws for hands.
Your natural rate of healing is unusually fast.
You are covered in fur. (AC +1)
You have tough skin. (AC +1)


   Skills:
 - Level 3.0(8.0) Fighting
 - Level 2.4(7.4) Dodging
 + Level 6.1(11.1) Unarmed Combat
 + Level 3.9 Invocations


You had 5 spell levels left.
You didn't know any spells.
Your spell library contained the following spells:

 Spells                   Type           Power      Damage    Failure   Level
 Apportation              Tloc           0%         N/A       45%         1
 Jinxbite                 Hex            0%         N/A       58%         2
 Alistair's Intoxication  Alch           0%         N/A       100%        5

Inventory:

Armour
 a - a +0 robe (worn)
 c - an orb of light (worn)
Jewellery
 e - a ring of ice
 t - an amulet of faith (around neck)
 v - a +6 ring of dexterity (right claw)
Talismans
 o - a flux talisman
 r - a beast talisman
Wands
 p - a wand of polymorph (9)
Scrolls
 j - 2 scrolls of immolation {unknown}
 k - a scroll of brand weapon {unknown}
 l - 5 scrolls of teleportation {unknown}
 m - a scroll of amnesia {unknown}
 q - a scroll of vulnerability {unknown}
 s - a scroll of blinking {unknown}
 u - a scroll of poison {unknown}
Potions
 b - a potion of ambrosia
 d - a potion of enlightenment {unknown}
 f - 3 potions of heal wounds {unknown}
 g - 2 potions of might {unknown}
 h - 3 potions of curing {unknown}
 i - a potion of cancellation {unknown}
 n - a potion of lignification {unknown}
 w - 2 potions of mutation {unknown}
 x - a potion of attraction {unknown}

Dungeon Overview and Level Annotations

Branches:
Dungeon (4/15)
 Temple: D:4-7

Altars:
Gozag
Hepliaklqana
Okawaru

Annotations:
D:4 Edmund

▒▒▒▒ ▒.. ▒.▒ ▒ ▒▒.▒
.▒▒.▒
▒▒▒▒▒▒▒▒▒▒▒▒▒..▒▒▒....▒
................T....▒
.......▒..▒▒▒.▒▒▒@...▒
▒▒▒▒▒▒.▒▒.▒ ▒.▒ ....▒
▒.▒▒.▒▒▒'▒▒▒....▒
▒.▒▒...'_▒▒▒....▒
▒.▒▒.▒▒▒+▒▒▒......
▒.▒▒.▒ .▒..▒▒▒ ▒.▒▒.▒
.▒..▒ ▒.▒▒..


You could see Edmund.


Message History

You gain the combat prowess of a mighty hero.
You feel very sick.
Edmund hits you with a +2 flail of venom!
You are more poisoned.
You scratch Edmund but do no damage.
You feel very sick.
Edmund hits you with a +2 flail of venom.
* * * LOW HITPOINT WARNING * * *
You are lethally poisoned!
You mangle Edmund!!
Edmund is severely wounded.
* * * LOW HITPOINT WARNING * * *
You feel extremely sick.
Unknown command.
You scratch Edmund.
Edmund is severely wounded.
* * * LOW HITPOINT WARNING * * *
You feel very sick.
Edmund hits you with a +2 flail of venom.
* * * LOW HITPOINT WARNING * * *
You are more poisoned.
You scratch Edmund but do no damage.
Edmund is severely wounded.
* * * LOW HITPOINT WARNING * * *
You feel extremely sick. Edmund barely misses you.
Unknown command.
You claw Edmund!
Edmund is almost dead.
You die...

Action                     |  1- 3 |  4- 6 || total
---------------------------+-------+-------++-------
  Melee: Unarmed           |    64 |    92 ||   156
 Invoke: Heroism           |       |     2 ||     2
 Armour: Robe              |    34 |    46 ||    80
  Dodge: Dodged            |    32 |    33 ||    65

Levels and vault maps discovered:
D:1:      scummos_arrival_checkerplants, layout_loops_ring,
          basic_ecumenical_altar
D:2:      layout_loops_ring, basic_altar, grunt_ministairs_6
D:3:      layout_basic, ebering_ghost_gozag, reono_crystal_passage,
          hellmonk_no_cap
D:4:      layout_loops_ring, lemuel_doored_altar, nicolae_ru_path_of_blood,
          uniq_edmund

Notes
Turn   | Place    | Note
-------+----------+-------------------------------------------
     0 | D:1      | sanka the Troll Monk began the quest for the Orb.
     0 | D:1      | Reached XP level 1. HP: 22/22 MP: 0/0
    96 | D:1      | Found a faded altar of an unknown god.
   157 | D:1      | Reached XP level 2. HP: 29/29 MP: 1/1
   188 | D:1      | Reached skill level 3 in Fighting
   657 | D:2      | Reached XP level 3. HP: 37/37 MP: 2/2
   953 | D:2      | Reached skill level 4 in Unarmed Combat
  1105 | D:2      | Found an iron altar of Okawaru.
  1115 | D:2      | Became a worshipper of Warmaster Okawaru
  1115 | D:2      | Reached * piety under Okawaru
  1115 | D:2      | Reached ** piety under Okawaru
  1373 | D:3      | Reached skill level 1 in Invocations
  1373 | D:3      | Reached XP level 4. HP: 38/45 MP: 3/3
  1580 | D:3      | Noticed an orc warrior
  1594 | D:3      | Killed an orc warrior
  1595 | D:3      | Reached skill level 5 in Unarmed Combat
  1595 | D:3      | Reached skill level 2 in Invocations
  1595 | D:3      | Reached XP level 5. HP: 33/53 MP: 5/5
  1638 | D:3      | Found a runed translucent gate.
  1639 | D:3      | Found a runed translucent gate.
  1639 | D:3      | Found a runed translucent gate.
  1640 | D:3      | Found an opulent altar of Gozag.
  1643 | D:3      | Noticed a water moccasin
  1643 | D:3      | Noticed flestrin's ghost (amateur DECj)
  1899 | D:3      | Killed a water moccasin
  1899 | D:3      | Reached *** piety under Okawaru
  1900 | D:3      | Reached skill level 3 in Invocations
  1900 | D:3      | Reached XP level 6. HP: 57/61 MP: 3/7
  1901 | D:3      | Killed flestrin's ghost
  2180 | D:4      | Reached skill level 6 in Unarmed Combat
  2344 | D:4      | Found a hazy altar of Hepliaklqana.
  2354 | D:4      | Noticed Edmund
  2361 | D:4      | HP: 4/61 [poisoned by Edmund]
  2362 | D:4      | Succumbed to Edmund's poison

Vanquished Creatures
  A water moccasin (D:3)
  An orc warrior (D:3)
  The ghost of flestrin the Conjurer, an amateur DECj of Vehumet (D:3)
  2 orc priests (D:4)
  A hound (D:4)
  2 sleepcaps (D:3)
  2 adders
  A dart slug (D:1)
  12 orcs
  3 ball pythons
  3 bats
  9 endoplasms
  A giant cockroach (D:2)
  3 goblins
  8 hobgoblins
  6 kobolds
  3 quokkas
  2 frilled lizards
  6 rats
67 creatures vanquished.
